 Dungeon Crawl Stone Soup version 0.20.1-1-g8b1a95d (webtiles) character file.

28 Inchmeat the Poker (level 3, -1/27 HPs)
             Began as a Merfolk Skald on Dec 2, 2017.
             Slain by a gnoll
             ... wielding a +0 flail
              (14 damage)
             ... on level 2 of the Dungeon.
             The game lasted 00:01:17 (1004 turns).

Inchmeat the Poker (Merfolk Skald)                  Turns: 1004, Time: 00:01:17

Health: -1/27      AC:  3    Str: 12    XL:     3   Next: 12%
Magic:  4/6        EV: 15    Int: 14    God:
Gold:   40         SH:  0    Dex: 16    Spells: 5/6 levels left

rFire    . . .     SeeInvis .   a - +0 spear
rCold    . . .     Gourm    .   (no shield)
rNeg     . . .     Faith    .   b - +0 leather armour
rPois    .         Spirit   .   (no helmet)
rElec    .         Reflect  .   (no cloak)
rCorr    .         Harm     .   (no gloves)
MR       .....                  (no boots)
Stlth    ++........             (no amulet)
Regen    0.1/turn               (no ring)
MPRegen  0.1/turn               (no ring)

@: agile, infused (expiring), constricted
A: change form in water, swift swim, stealthy swim, clever 1, clumsy 1, sturdy
frame 1
a: no special abilities


You were on level 2 of the Dungeon.
You were hungry.

You visited 1 branch of the dungeon, and saw 2 of its levels.

You collected 40 gold pieces.

Inventory:

Hand Weapons
 a - a +0 spear (weapon)
Armour
 b - a +0 leather armour (worn)
Scrolls
 e - a scroll of noise {unknown}
 g - a scroll of teleportation {unknown}
 j - a scroll of magic mapping {unknown}
Potions
 h - a potion of agility
 i - a potion of mutation {!q}
Books
 c - a book of Battle

   Spells                             Type                      Level
   a - Infusion                       Charms                       1
   b - Shroud of Golubria             Charms/Translocation         2
   c - Song of Slaying                Charms                       2
   d - Spectral Weapon                Hexes/Charms                 3
   e - Regeneration                   Charms/Necromancy            3
Comestibles
 d - 3 bread rations


   Skills:
 - Level 2.1 Fighting
 * Level 5.1 Polearms
 - Level 0.6 Armour
 - Level 2.6 Dodging
 - Level 2.0 Spellcasting
 - Level 3.2 Charms


You had 5 spell levels left.
You knew the following spells:

 Your Spells              Type           Power        Failure   Level  Hunger
a - Infusion              Chrm           ##..         6%          1    ##.....


Dungeon Overview and Level Annotations

Branches:
Dungeon (2/15)

Altars:


Innate Abilities, Weirdness & Mutations

You revert to your normal form in water.
You are very nimble and swift while swimming.
You are very stealthy in the water. (Stealth+)
Your mind is acute. (Int +2)
You are clumsy. (Dex -2)
Your movements are slightly less encumbered by armour. (ER -2)


Message History

Tha ball python bites ye.
* * * LOW HITPOINT WARNIN'
* * * Tha ball python grabs ye.
Ye stop ascendin' tha stairs.
Tha ball python constricts ye.
It was a potion o' agility.
Ye feel agile all o' a sudd'n.
Yer magical infusion be runnin' out.
Tha goblin hits ye but does nay damage.
Tha gnoll barely misses ye.
Tha ball python barely misses ye.
Tha ball python constricts ye.
Tha gnoll completely misses ye.
Tha goblin closely misses ye.
It was a potion o' mutation.
Ye feel 'stremely strange.
Ye feel clumsy.
Ye feel cle'er.
Ye feel less encumb'red by yer armour.
Tha goblin hits ye wit' a dagger.
* * * LOW HITPOINT WARNIN'
* * * Tha ball python completely misses ye.
* * * LOW HITPOINT WARNIN'
* * * Tha ball python constricts ye.
It was a potion o' curin'.
Ye feel better.
Tha goblin misses ye.
Tha gnoll hits ye wit' a flail!
Ouch! Tha re'lly hurt!
Ye die...

..... .. .....
.# ..... .##
....####..
.......#
#.#.#.#####
#..S......#
#.@g......#
#ggg......#
...gbg.......#
..............#
...............#
...............#
........########
....b...#


You could see 4 gnolls, 2 goblins, 2 bats and a ball python.

Vanquished Creatures
  5 bats (D:1)
  A giant cockroach (D:1)
  2 goblins (D:1)
  2 hobgoblins (D:1)
  6 jackals (D:1)
  2 kobolds (D:1)
  A frilled lizard (D:1)
  5 rats (D:1)
24 creatures vanquished.

Notes
Turn   | Place    | Note
-------+----------+-------------------------------------------
     0 | D:1      | Inchmeat the Merfolk Skald began the quest for the Orb.
     0 | D:1      | Reached XP level 1. HP: 16/16 MP: 3/3
    79 | D:1      | Reached skill level 4 in Polearms
    79 | D:1      | Reached XP level 2. HP: 16/22 MP: 3/5
   605 | D:1      | Reached XP level 3. HP: 27/27 MP: 3/6
   700 | D:1      | Reached skill level 5 in Polearms
  1003 | D:2      | Gained mutation: You are clumsy. (Dex -2) [potion of mutation]
  1003 | D:2      | Gained mutation: Your mind is acute. (Int +2) [potion of mutation]
  1003 | D:2      | Gained mutation: Your movements are slightly less encumbered by armour. (ER -2) [potion of mutation]
  1004 | D:2      | Slain by a gnoll

Skill      XL: |  1  2  3 |
---------------+----------+-----
Polearms       | 4 5 |  5.1
Fighting       | |  2.1
Armour         | |  0.6
Dodging        | |  2.6
Spellcasting   | |  2.0
Charms         | |  3.2

Action                   || total
-------------------------++-------
Melee: Spear             ||    84
 Cast: Infusion          ||    11
  Use: Potion            ||     3
 Stab: Sleeping          ||     1
Armor: Leather armour    ||    25
Dodge: Dodged            ||    75
